 Dungeon Crawl Stone Soup version 0.28.0-53-g5a82cb258f (webtiles) character file.

Game seed: 10344909206223486269

95 Descartes the Grasshopper (level 4, -1/33 HPs)
             Began as a Formicid Warper on May 23, 2022.
             Succumbed to an adder's poison
             ... on level 2 of the Dungeon.
             The game lasted 00:01:52 (1670 turns).

Descartes the Grasshopper (Formicid Warper)         Turns: 1670, Time: 00:01:53

Health: -1/33      AC:  3    Str: 17    XL:     4   Next: 95%
Magic:  7/7        EV: 11    Int: 13    God:
Gold:   30         SH:  0    Dex: 10    Spells: 7/7 levels left

rFire   . . .      SeeInvis +   a - +0 mace
rCold   . . .      Faith    .   (no shield)
rNeg    . . .      Spirit   .   b - +0 leather armour
rPois   .          Reflect  .   (helmet unavailable)
rElec   .          Harm     .   (no cloak)
rCorr   .          Rampage  .   (no gloves)
Will    .....                   (no boots)
Stlth   +.........              (no amulet)
HPRegen 0.11/turn               (no ring)
MPRegen 0.10/turn               (no ring)

@: lethally poisoned (-1 -> -9)
A: permanent stasis, dig shafts and tunnels, antennae 3, four strong arms
a: Dig, Shaft Self


You were on level 2 of the Dungeon.
You visited 1 branch of the dungeon, and saw 2 of its levels.

You collected 30 gold pieces.

Inventory:

Hand Weapons
 a - a +0 mace (weapon)
Missiles
 c - 5 boomerangs of dispersal (quivered)
 d - 37 stones
Armour
 b - a +0 leather armour (worn)
Scrolls
 e - a scroll of identify {unknown}
Potions
 f - 2 potions of magic {unknown}
 g - a potion of lignification {unknown}


   Skills:
 - Level 2.1 Fighting
 + Level 2.9 Maces & Flails
 - Level 1.0 Throwing
 + Level 2.4 Armour
 - Level 1.7 Dodging
 + Level 2.2 Shields
 - Level 2.1 Spellcasting
 + Level 3.3 Translocations


You had 7 spell levels left.
You didn't know any spells.
Your spell library contained the following spells:

 Spells                   Type           Power      Damage    Failure   Level
 Gell's Gravitas          Tloc           10%        N/A       22%         3
 Lesser Beckoning         Tloc           10%        N/A       22%         3
 Teleport Other           Tloc           10%        N/A       22%         3
 Manifold Assault         Tloc           10%        N/A       91%         5
 Blink                    Tloc           Unusable   N/A       N/A         2

Dungeon Overview and Level Annotations

Branches:
Dungeon (2/15)

Altars:


Innate Abilities, Weirdness & Mutations

You cannot be hasted, slowed, berserked, paralysed or teleported.
You can dig through walls and to a lower floor.
You have a pair of large antennae on your head. (SInv)
Your four strong arms can wield two-handed weapons with a shield.


Message History

You feel sick. The giant cockroach closely misses you.
You barely miss the giant cockroach.
The giant cockroach is heavily wounded.
You feel sick.
The giant cockroach completely misses you.
You hit the giant cockroach but do no damage.
The giant cockroach is heavily wounded.
You feel sick. The giant cockroach bites you.
The giant cockroach bites you but does no damage.
You hit the giant cockroach but do no damage.
The giant cockroach is heavily wounded.
You feel sick.
You are no longer poisoned.
The giant cockroach bites you.
You hit the giant cockroach.
You kill the giant cockroach!
The adder completely misses you.
You sock the adder!
The adder is heavily wounded.
The adder bites you.
You are poisoned.
The adder poisons you!
You closely miss the adder.
The adder is heavily wounded.
You feel sick.
The adder bites you but does no damage. x2
You hit the adder.
The adder is almost dead.
You feel sick. The adder bites you.
* * * LOW HITPOINT WARNING * * *
You are lethally poisoned!
The adder poisons you!
You miss the adder.
The adder is almost dead.
* * * LOW HITPOINT WARNING * * *
You feel very sick. The adder bites you but does no damage.
The adder bites you.
* * * LOW HITPOINT WARNING * * *
You closely miss the adder.
The adder is almost dead.
You die...

#...#.... ........
#.......# #..#......
#......##...........
##......>....#
...#....#....#
...........#.#
#.......#.#
##..#..###.#
#......S@..#
.....######<.# ....
#†.# ..# #..# . #..#
#... #.... #####


You could see an adder.

Vanquished Creatures
  Natasha (thrice) (D:1)
  3 bats
  An endoplasm (D:1)
  2 giant cockroaches
  3 hobgoblins
  A quokka (D:1)
  2 ball pythons (D:1)
  3 frilled lizards (D:1)
  3 goblins (D:1)
  2 rats (D:1)
23 creatures vanquished.

Notes
Turn   | Place    | Note
-------+----------+-------------------------------------------
     0 | D:1      | Descartes the Formicid Warper began the quest for the Orb.
     0 | D:1      | Reached XP level 1. HP: 16/16 MP: 3/3
   451 | D:1      | Reached XP level 2. HP: 22/22 MP: 5/5
   696 | D:1      | Reached skill level 1 in Shields
  1249 | D:2      | Noticed Natasha
  1252 | D:2      | Noticed a crimson imp
  1265 | D:1      | Killed Natasha
  1266 | D:1      | Reached skill level 3 in Translocations
  1266 | D:1      | Reached XP level 3. HP: 19/27 MP: 6/6
  1431 | D:1      | Noticed Natasha
  1442 | D:1      | Killed Natasha
  1443 | D:1      | Reached XP level 4. HP: 23/33 MP: 7/7
  1487 | D:1      | Noticed Natasha
  1498 | D:1      | Killed Natasha
  1669 | D:2      | HP: 1/33 [adder (2)]
  1670 | D:2      | Succumbed to an adder's poison

Illustrated notes

Levels and vault maps discovered:
D:1:      sevenhm_arrival_forest_fort_small_4, layout_loops_ring,
          minmay_pentomino_s2
D:2:      layout_rooms, minivault_5, uniq_natasha

Skill      XL: |  1  2  3 |
---------------+----------+-----
Shields        | 1 2 |  2.2
Armour         | 2 |  2.4
Translocations | 3 |  3.3
Fighting       | |  2.1
Maces & Flails | |  2.9
Throwing       | |  1.0
Dodging        | |  1.7
Spellcasting   | |  2.1

Action                   |  1- 3 |  4- 6 || total
-------------------------+-------+-------++-------
Melee: Mace              |    69 |    28 ||    97
       Punch             |     1 |       ||     1
Armor: Leather armour    |    29 |    12 ||    41
Dodge: Dodged            |    45 |    12 ||    57
